 Dungeon Crawl Stone Soup version 0.28.0-53-g5a82cb258f (webtiles) character file.

Game seed: 9035118721982089078

399 Descartes the Cudgeller (level 6, -4/61 HPs)
             Began as a Troll Warper on June 8, 2022.
             Slain by an ogre
             ... wielding a +0 giant spiked club
              (36 damage)
             ... on level 4 of the Dungeon.
             The game lasted 00:05:34 (2775 turns).

Descartes the Cudgeller (Troll Warper)              Turns: 2775, Time: 00:05:35

Health: -4/61      AC:  5    Str: 20    XL:     6   Next: 54%
Magic:  6/6        EV: 10    Int:  9    God:
Gold:   187        SH:  0    Dex: 11    Spells: 7/7 levels left

rFire   . . .      SeeInvis .   n - +4 quarterstaff (chaos)
rCold   . . .      Faith    .   (shield currently unavailable)
rNeg    . . .      Spirit   .   b - +0 robe
rPois   .          Reflect  .   (helmet restricted)
rElec   .          Harm     .   o - +0 cloak
rCorr   .          Rampage  .   (gloves unavailable)
Will    .....                   (boots unavailable)
Stlth   +.........              (no amulet)
HPRegen 1.00/turn               (no ring)
MPRegen 0.10/turn               (no ring)

@: no status effects
A: large, unfitting armour, claws 3, regeneration 1, shaggy fur 1, tough skin 1
a: no special abilities


You were on level 4 of the Dungeon.
You visited 1 branch of the dungeon, and saw 4 of its levels.

You collected 187 gold pieces.

Inventory:

Hand Weapons
 a - a +0 mace
 n - a +4 quarterstaff of chaos (weapon)
 v - a +0 giant spiked club
Missiles
 d - 5 boomerangs of dispersal (quivered)
 h - 5 poisoned darts
 i - 98 stones
Armour
 b - a +0 robe (worn)
 o - a +0 cloak (worn)
Wands
 k - a wand of flame (8)
 l - a wand of polymorph (4)
Scrolls
 c - a scroll of blinking
 g - a scroll of identify {unknown}
 j - a scroll of fog {unknown}
 p - 3 scrolls of summoning {unknown}
 r - a scroll of holy word {unknown}
 s - a scroll of fear {unknown}
 t - 2 scrolls of teleportation {unknown}
 u - a scroll of noise {unknown}
Potions
 e - a potion of cancellation {unknown}
 f - 3 potions of mutation {unknown}
 m - a potion of flight {unknown}
 q - a potion of haste {unknown}
 w - 2 potions of heal wounds {unknown}


   Skills:
 + Level 3.0 Fighting
 + Level 3.3(3.5) Maces & Flails
 + Level 1.5(2.5) Staves
 - Level 0.8 Throwing
 + Level 2.4 Armour
 - Level 1.9 Dodging
 - Level 1.2 Spellcasting
 + Level 3.2 Translocations


You had 7 spell levels left.
You didn't know any spells.
Your spell library contained the following spells:

 Spells                   Type           Power      Damage    Failure   Level
 Blink                    Tloc           12%        N/A       14%         2
 Gell's Gravitas          Tloc           6%         N/A       28%         3
 Lesser Beckoning         Tloc           6%         N/A       28%         3
 Teleport Other           Tloc           6%         N/A       28%         3
 Foxfire                  Conj/Fire      0%         2x1d4     36%         1
 Conjure Flame            Conj/Fire      0%         6-21      73%         3
 Inner Flame              Hex/Fire       0%         N/A       73%         3
 Manifold Assault         Tloc           6%         N/A       95%         5
 Flame Wave               Conj/Fire      0%         2d4       98%         4
 Dispersal                Tloc           3%         N/A       100%        6


Dungeon Overview and Level Annotations

Branches:
Dungeon (4/15)
 Temple: D:4-7

Altars:
Cheibriados


Innate Abilities, Weirdness & Mutations

You are too large for most types of armour.
You have claws for hands.
Your natural rate of healing is unusually fast.
You are covered in fur. (AC +1)
You have tough skin. (AC +1)


Message History

You closely miss the scorpion.
The scorpion is severely wounded.
The scorpion barely misses you.
You sock the scorpion!
You kill the scorpion!
Your Fighting skill increases to level 3!
No target in view!
No target in view!
No target in view!
No target in view!
You now have 187 gold pieces (gained 11).
You open the door.
There is an open door here.
w - 2 viscous blue potions An ogre comes into view.
It is wielding a +0 giant spiked club.
Found 20 stones.
The ogre shouts!
The ogre hits you with a +0 giant spiked club!!
You hit the ogre.
The ogre seems to speed up.
The ogre is lightly wounded.
The ogre hits you with a +0 giant spiked club!
You are too injured to fight recklessly!
You are too injured to fight recklessly!
You are too injured to fight recklessly!
You are too injured to fight recklessly!
You are too injured to fight recklessly!
You are too injured to fight recklessly!
You are too injured to fight recklessly!
You are too injured to fight recklessly!
You are too injured to fight recklessly!
You are too injured to fight recklessly!
The ogre closely misses you.
You hit the ogre.
The ogre goes berserk!
The ogre is lightly wounded.
The ogre barely misses you.
You barely miss the ogre.
The ogre is lightly wounded.
The ogre hits you with a +0 giant spiked club!!!
Ouch! That really hurt!
You die...

#......#.........#
#......#.........#
#......#.........#
#......#.........#
#......#.........#
########......#.........#
........#######.........#
........#...............#
P.......#......O@.......#
≈P.†....#.........##...##
PPP.....#....$....######
≈≈P.....#....##...#
PP......#... #...#
≈.......+.( ....#
......>.#. .....#
........# ......#
........# .##...#


You could see an ogre (berserk, fast).

Vanquished Creatures
  An ogre (D:4)
  A scorpion (D:4)
  A water moccasin skeleton (D:4)
  An orc priest (D:3)
  Crazy Yiuf (D:2)
  An iguana (D:4)
  4 adders
  A worm (D:2)
  3 dart slugs
  5 orcs
  10 ball pythons
  7 endoplasms
  4 giant cockroaches
  8 goblins
  7 hobgoblins
  3 jackals (D:4)
  9 kobolds
  4 quokkas
  3 bats (D:1)
  4 frilled lizards
  2 rats (D:1)
80 creatures vanquished.

Vanquished Creatures (others)
  A fungus (D:2)
  25 plants (D:4)
26 creatures vanquished.

Grand Total: 106 creatures vanquished

Notes
Turn   | Place    | Note
-------+----------+-------------------------------------------
     0 | D:1      | Descartes the Troll Warper began the quest for the Orb.
     0 | D:1      | Reached XP level 1. HP: 19/19 MP: 1/1
    71 | D:1      | Reached XP level 2. HP: 21/28 MP: 2/2
   519 | D:1      | Reached XP level 3. HP: 34/35 MP: 3/3
   530 | D:1      | Reached skill level 1 in Armour
   556 | D:1      | Found a faded altar of an unknown god.
  1564 | D:2      | Reached XP level 4. HP: 42/42 MP: 4/4
  1665 | D:2      | Found a runed translucent door.
  1666 | D:2      | Noticed Crazy Yiuf
  1716 | D:2      | Killed Crazy Yiuf
  1957 | D:3      | Reached XP level 5. HP: 17/50 MP: 5/5
  2376 | D:3      | Found a snail-covered altar of Cheibriados.
  2459 | D:4      | Noticed an ogre
  2466 | D:4      | Killed an ogre
  2467 | D:4      | Reached skill level 1 in Staves
  2545 | D:4      | Reached XP level 6. HP: 59/59 MP: 6/6
  2775 | D:4      | Slain by an ogre

Illustrated notes

Levels and vault maps discovered:
D:1:      dpeg_arrival_arbitrary_b, layout_loops_ring, basic_ecumenical_altar,
          minmay_misc_feat_x, minmay_heptomino_o4
D:2:      minmay_alternating_diamond, layout_loops_ring,
          kennysheep_generic_room_8, uniq_crazy_yiuf_cottage
D:3:      layout_loops_cross, kennysheep_slug_shrine, minmay_cut_off
D:4:      layout_gridville, serial_bayou, serial_bayou_shore_a,
          serial_bayou_shore_b, serial_bayou_lagoon_a, serial_bayou_ford_a,
          serial_bayou_pond_c

Skill      XL: |  1  2  3  4  5  6 |
---------------+-------------------+-----
Maces & Flails | 2 3 |  3.3
Fighting       | 2 3 |  3.0
Armour         | 1 2 |  2.4
Staves         | 1 |  1.5
Translocations | 3 |  3.2
Throwing       | |  0.8
Dodging        | |  1.9
Spellcasting   | |  1.2

Action                   |  1- 3 |  4- 6 || total
-------------------------+-------+-------++-------
Melee: Mace              |   167 |     9 ||   176
       Punch             |     1 |       ||     1
       Quarterstaff      |       |    88 ||    88
 Stab: Sleeping          |     2 |       ||     2
Armor: Robe              |    63 |    31 ||    94
Dodge: Dodged            |    91 |    50 ||   141
